 Dungeon Crawl Stone Soup version 0.22-a0-292-g0df9d5f (webtiles) character file.

414390 tsouns the Slayer (level 23, 0/244 HPs)
             Began as a Hill Orc Fighter on Mar 22, 2018.
             Was the Champion of Uskayaw.
             Killed by vampiric draining
             ... invoked by a vampire knight
              (17 damage)
             ... on level 1 of the Depths on Mar 23, 2018.
             The game lasted 02:34:59 (38834 turns).

tsouns the Slayer (Hill Orc Fighter)               Turns: 38834, Time: 02:34:59

Health: 0/244      AC: 39    Str: 29    XL:     23   Next: 57%
Magic:  37/37      EV: 13    Int: 14    God:    Uskayaw [******]
Gold:   1579       SH: 15    Dex: 14    Spells: 26/36 levels left

rFire    + . .     SeeInvis +   a - +9 broad axe (flame)
rCold    + . .     Gourm    .   X - +0 shield of the Cricket {Str+3 Dex+4}
rNeg     . . .     Faith    .   p - +9 plate armour {MR+}
rPois    +         Spirit   .   v - +1 helmet
rElec    +         Reflect  .   P - +2 cloak {MR+}
rCorr    .         Harm     .   Z - +2 pair of gloves {Str+3}
MR       +++..                  C - +1 pair of boots
Stlth    ..........             V - amulet "Jauttyow" {Acrobat rElec Slay+2 Stlth+}
HPRegen  0.50/turn              j - ring of Orapsumeg {rPois rF+ rC+ SInv}
MPRegen  0.25/turn              I - +5 ring of slaying

@: drained
A: fangs 1, robust 1
}: 2/15 runes: decaying, gossamer
a: Stomp, Line Pass, Grand Finale, Renounce Religion


You were on level 1 of the Depths.
You worshipped Uskayaw.
Uskayaw was greatly pleased with you.
You were not hungry.

You visited 9 branches of the dungeon, and saw 40 of its levels.
You visited 1 bazaar.
You also visited: Labyrinth, Sewer and Bailey.

You collected 5317 gold pieces.
You spent 3738 gold pieces at shops.

Inventory:

Hand Weapons
 a - a +9 broad axe of flaming (weapon)
Missiles
 B - 18 javelins of penetration (quivered)
Armour
 p - a +9 plate armour of magic resistance (worn)
 v - a +1 helmet (worn)
 C - a +1 pair of boots (worn)
 P - a +2 cloak of magic resistance (worn)
 X - the +0 shield of the Cricket (worn) {Str+3 Dex+4}
   (You bought it in a shop on level 1 of the Vaults)

   It affects your strength (+3).
   It affects your dexterity (+4).
 Z - a +2 pair of gloves of strength (worn)
Jewellery
 j - the ring of Orapsumeg (left hand) {rPois rF+ rC+ SInv}
   (You bought it in a shop on level 14 of the Dungeon)

   [ring of protection from cold]

   It protects you from fire.
   It protects you from cold.
   It protects you from poison.
   It lets you see invisible.
 I - a +5 ring of slaying (right hand)
 V - the amulet "Jauttyow" (around neck) {Acrobat rElec Slay+2 Stlth+}
   (You found it on level 5 of the Lair of Beasts)

   [amulet of the acrobat]

   It helps you evade while moving and waiting.
   It affects your accuracy and damage with ranged weapons and melee attacks
   (+2).
   It insulates you from electricity.
   It makes you more stealthy.
Wands
 b - a wand of digging (53)
 c - a wand of polymorph (13)
 h - a wand of iceblast (37)
 z - a wand of scattershot (19)
 H - a wand of enslavement (44)
 O - a wand of paralysis (59)
 S - a wand of acid (13)
 T - a wand of clouds (12)
Scrolls
 k - a scroll of magic mapping
 u - 19 scrolls of teleportation
 x - 2 scrolls of summoning
 y - 14 scrolls of remove curse
 A - 3 scrolls of holy word
 D - 5 scrolls of fear
 J - 2 scrolls of blinking
 R - 5 scrolls of identify
 U - 8 scrolls of fog
Potions
 d - 10 potions of might
 e - 7 potions of heal wounds
 g - 2 potions of berserk rage
 i - 3 potions of ambrosia
 l - 5 potions of agility
 m - 7 potions of cancellation
 o - 2 potions of invisibility
 r - 24 potions of curing
 E - 9 potions of haste
 F - 5 potions of resistance
 L - 2 potions of mutation
 Q - 4 potions of flight
 Y - 2 potions of magic
Miscellaneous
 s - 2 phantom mirrors
 t - a lightning rod (4/4)
 w - a fan of gales
 K - a phial of floods
 M - a lamp of fire (inert)
 N - a box of beasts
 W - 3 sacks of spiders
Comestibles
 f - 48 rations


   Skills:
 + Level 21.7(20.6) Fighting
 - Level 18.0(17.0) Axes
 + Level 6.9(6.2) Throwing
 + Level 17.2(16.2) Armour
 - Level 10.2(9.4) Dodging
 - Level 4.0(3.3) Stealth
 - Level 15.8(14.8) Shields
 - Level 7.0(6.2) Spellcasting
 - Level 10.0(9.2) Summonings
 - Level 4.2(3.5) Translocations
 + Level 21.1(20.1) Invocations
 - Level 3.4(2.7) Evocations


You had 26 spell levels left.
You knew the following spells:

 Your Spells              Type           Power        Failure   Level  Hunger
a - Summon Butterflies    Summ           ####....     1%          1    None
b - Swiftness             Chrm/Air       #.......     77%         2    #......
c - Blink                 Tloc           N/A          28%         2    #......
d - Aura of Abjuration    Summ           ####......   45%         5    ######.


Dungeon Overview and Level Annotations

Branches:
Dungeon (15/15)            Temple (1/1) D:6            Lair (6/6) D:10
  Swamp (4/4) Lair:3       Spider (4/4) Lair:2        Slime (0/5) Lair:5
    Orc (2/2) D:10            Elf (3/3) Orc:2        Vaults (4/5) D:13
  Crypt (0/3) Vaults:2     Depths (1/5) D:15

Altars:
Ashenzari
Cheibriados
Dithmenos
Elyvilon
Fedhas
Gozag
Hepliaklqana
Kikubaaqudgha
Makhleb
Nemelex Xobeh
Okawaru
Qazlal
Ru
Sif Muna
Trog
Uskayaw
Vehumet
Wu Jian
Xom
Yredelemnul
Zin
The Shining One
Beogh

Shops:
D:9 [   D:13 [   D:14 *===!   Orc:2 (*[(   Elf:1 *   Elf:2 *   Elf:3 *
Vaults:1 =([   Depths:1 *

Portals:
Hell: Depths:1

Annotations:
Elf:2 1 runed door


Innate Abilities, Weirdness & Mutations

You have very sharp teeth.
You are robust. (+10% HP)


Message History

The vampire knight gestures wildly while chanting.
The vampire knight seems to speed up.
The vampire knight hits you from afar with a glaive!
* * * LOW HITPOINT WARNING * * *
You slice the vampire mage!! You burn the vampire mage.
You destroy the vampire mage!
You block the vampire knight's attack.
The vampire knight bites you but does no damage.
The vampire knight hits you with a glaive!!
* * * LOW HITPOINT WARNING * * *
The vampire knight misses you.
Items here: ! ))) [[[[[ †† You carve the vampire knight like a ham!!!
You burn the vampire knight!
The vampire knight is severely damaged.
You hear a shout!
You slash the vampire knight! You burn the vampire knight.
The vampire knight is almost destroyed.
The vampire knight is infused with unholy energy.
You die...

≈....^.......#...#...#
♣≈P..........#...+...#
.≈...........#.>.#...#####
#.....####...##..##..##..##
###...####...##..##.......#
#............#...........#
#............#...........#
#...##......###.##########
##########..###@###
#.....#V).# #.....#.).#
#######..(†÷.V..W
#..##)†.... ..... ((....
...... ##### ...##.... ###
#####


You could see a vampire knight (invisible).

Vanquished Creatures
  An ancient lich (Depths:1)
  Mara (Elf:3)
  Saint Roka (Depths:1)
  Nikola (Vaults:1)
  Jorgrun (Spider:2)
  2 deep elf master archers (Elf:3)
  3 deep elf blademasters
  7 thorn hunters
  Kirke (Spider:1)
  A storm dragon (Vaults:4)
  6 shadow dragons (Depths:1)
  An azure jelly (Swamp:4)
  The ghost of Nr616 the Peltast, an adept GrFi of Okawaru (Spider:2)
  The ghost of Amnesiac the Stormcaller, an adept TeWz of Sif Muna (Elf:3)
  2 fire giants
  5 ghost moths
  An orc warlord (Bailey)
  7 deep elf sorcerers
  Aizul (Spider:1)
  A ghoul (Vaults:4)
  18 ironheart preservers
  4 emperor scorpions
  13 vault wardens
  2 deep elf elementalists (Elf:3)
  5 entropy weavers
  5 very ugly things (Vaults:4)
  9 stone giants
  A war gargoyle (Vaults:4)
  Nessos (Lair:5)
  9 deep elf demonologists
  4 vampire knights
  7 deep elf annihilators (Elf:3)
  Azrael (Elf:1)
  A spark wasp (Spider:4)
  A minotaur (Lab)
  5 deep elf death magi
  A fire dragon (Depths:1)
  Snorg (Lair:6)
  2 ettins
  6 yaktaur captains
  15 ogre magi
  Fannar (Lair:2)
  4 great orbs of eyes
  14 vault guards
  Erolcha (D:13)
  9 hydras
  A deep elf high priest (Elf:3)
  15 centaur warriors
  2 rakshasas
  2 anacondas (shapeshifter)
  4 ice dragons
  A catoblepas (Lair:6)
  4 death knights
  43 two-headed ogres
  5 orc high priests (Orc:2)
  2 deep troll shamans
  12 alligators
  30 dancing weapons
  8 death yaks
  2 vampire magi
  2 soul eaters (Depths:1)
  24 deep elf knights
  3 small abominations (Elf:3)
  8 skeletal warriors
  6 shadow wraiths
  17 deep trolls
  A lindwurm (shapeshifter) (D:15)
  3 unseen horrors
  An unseen horror (shapeshifter) (D:15)
  A shambling mangrove (Swamp:2)
  2 spriggan druids
  2 glowing orange brains
  4 wizards
  7 flayed ghosts
  27 deep elf archers
  10 ironbrand convokers
  A swamp dragon (Swamp:1)
  A lindwurm (Lair:6)
  6 harpies (Vaults:4)
  19 orc knights
  21 ugly things
  12 orb spiders
  71 deep elf magi
  4 necromancers
  6 cyclopes
  A shadow dragon skeleton (Vaults:4)
  A stone giant zombie (Depths:1)
  A manticore (D:12)
  4 orc sorcerers
  29 wolf spiders
  3 moths of wrath
  6 elephants (Lair:6)
  8 black mambas
  2 centaur zombies (D:15)
  10 vault sentinels
  3 torpor snails
  6 gargoyles
  23 spiny frogs
  A spriggan skeleton (Depths:1)
  3 human zombies
  9 komodo dragons
  13 freezing wraiths
  A rime drake (Lair:6)
  An efreet (D:13)
  A komodo dragon (shapeshifter) (Vaults:2)
  31 yaktaurs
  9 trolls
  18 jumping spiders
  9 demonic crawlers
  A merfolk (shapeshifter) (D:15)
  A queen bee (D:15)
  2 queen bees (shapeshifter)
  11 tyrant leeches
  A merfolk (D:11)
  A wind drake (shapeshifter) (Vaults:1)
  3 meliai (D:15)
  A troll (shapeshifter) (D:15)
  17 hornets
  8 blink frogs
  7 bog bodies
  2 polar bears
  28 slime creatures
  13 hippogriffs
  A hippogriff (shapeshifter) (Elf:3)
  A fire giant simulacrum (Vaults:1)
  68 redbacks
  A shadow (D:11)
  5 air elementals
  A centaur simulacrum (D:15)
  Sigmund (D:4)
  4 spriggans
  2 tarantellas (shapeshifter)
  34 tarantellas
  61 yaks
  A yak (shapeshifter) (Vaults:3)
  2 wraiths
  A vampire (D:15)
  3 wyverns
  20 humans (D:13)
  Grum (Lair:1)
  2 basilisks
  3 hogs (Spider:1)
  6 water elementals
  9 fire elementals
  A fire bat (shapeshifter) (D:15)
  3 hungry ghosts
  16 vampire mosquitoes
  4 swamp worm simulacra (Swamp:4)
  12 insubstantial wisps
  13 swamp worms
  The ghost of vishdafish the Shield-Bearer, an amateur GrFi of the Shining One (D:5)
  A warg (shapeshifter) (D:15)
  A naga (shapeshifter) (D:15)
  7 acid dragons
  8 wargs
  2 hell hounds (Elf:1)
  A swamp worm (shapeshifter) (Elf:1)
  17 water moccasins
  8 porcupines
  14 hydra simulacra (Swamp:4)
  7 swamp drakes
  Purgy (Sewer)
  2 sky beasts
  2 black bears
  59 orc warriors
  An elf zombie (Vaults:4)
  A necrophage (D:11)
  2 eyes of draining
  5 ice beasts
  6 boggarts
  An eye of draining (shapeshifter) (Elf:1)
  41 ogres
  3 phantoms
  5 wolves
  22 centaurs
  14 crocodiles
  25 bullfrogs
  A wyvern zombie (D:9)
  5 earth elementals
  2 human skeletons
  6 scorpions
  A wyvern skeleton (D:8)
  A water moccasin skeleton (D:8)
  26 killer bees
  An orc simulacrum (Vaults:1)
  3 human simulacra
  6 wights
  6 howler monkeys
  3 electric eels
  3 crimson imps
  38 orc priests
  5 jellies
  29 orc wizards
  2 bullfrog skeletons
  A gnoll shaman (D:9)
  Crazy Yiuf (D:4)
  4 hounds
  5 centaur skeletons
  2 iguanas
  17 worker ants
  2 killer bee zombies
  A hound zombie (D:9)
  A hound skeleton (D:6)
  A worker ant zombie (D:10)
  14 adders
  15 gnolls
  3 shadow imps
  4 oozes
  4 swamp drake simulacra (Swamp:4)
  2 adder zombies
  4 worms
  A ball lightning (Elf:3)
  3 dart slugs
  4 leopard geckos
  120 orcs
  3 ball pythons
  3 bats
  11 giant cockroaches
  11 goblins
  8 hobgoblins
  11 jackals
  19 kobolds
  8 quokkas
  8 frilled lizards
  A giant cockroach zombie (D:6)
  A leopard gecko skeleton (D:6)
  A quokka skeleton (D:9)
  11 rats
  12 briar patches
  2 crawling corpses (Elf:3)
  A fungus (Lair:6)
  2 plants
1857 creatures vanquished.

Vanquished Creatures (others)
  A death yak (Lair:6)
  A deep elf knight (Elf:3)
  A spriggan druid (Swamp:4)
  An orb spider (Spider:1)
  4 blink frogs (Swamp:4)
  A slime creature (Swamp:4)
  A tarantella (Spider:2)
  A hog (Spider:1)
  A ball lightning (Elf:3)
  A quokka (D:8)
  A briar patch (Swamp:3)
  16 plants
30 creatures vanquished.

Grand Total: 1887 creatures vanquished

Notes
Turn   | Place    | Note
-------+----------+-------------------------------------------
     0 | D:1      | tsouns the Hill Orc Fighter began the quest for the Orb.
     0 | D:1      | Reached XP level 1. HP: 19/19 MP: 1/1
   179 | D:1      | Reached XP level 2. HP: 23/27 MP: 2/2
   490 | D:1      | You fall through a shaft!
   561 | D:2      | Reached XP level 3. HP: 14/33 MP: 3/3
  1254 | D:2      | Found an iron altar of Okawaru.
  1322 | D:2      | Reached XP level 4. HP: 25/40 MP: 4/4
  1825 | D:3      | Upgraded the game from 0.22-a0-284-g99d1f74 to 0.22-a0-292-g0df9d5f
  2113 | D:3      | Found a glowing drain.
  2122 | Sewer    | Entered a sewer
  2125 | Sewer    | Noticed Purgy
  2137 | Sewer    | Killed Purgy
  2137 | Sewer    | Reached XP level 5. HP: 20/47 MP: 5/5
  2385 | D:3      | Found a shattered altar of Ashenzari.
  2667 | D:4      | Reached skill level 5 in Axes
  2667 | D:4      | Reached XP level 6. HP: 55/55 MP: 6/6
  2787 | D:4      | Reached skill level 1 in Dodging
  2840 | D:4      | Reached skill level 5 in Fighting
  2939 | D:4      | Reached XP level 7. HP: 41/61 MP: 7/7
  3051 | D:4      | Found a bloodstained altar of Trog.
  3163 | D:4      | Noticed Sigmund
  3176 | D:4      | Killed Sigmund
  3225 | D:4      | Found a runed door.
  3229 | D:4      | Noticed Crazy Yiuf
  3233 | D:4      | Killed Crazy Yiuf
  3548 | D:5      | Entered Level 5 of the Dungeon
  3612 | D:5      | Found a glowing golden altar of the Shining One.
  3760 | D:5      | Reached XP level 8. HP: 70/70 MP: 8/8
  3763 | D:5      | Noticed vishdafish's ghost (amateur GrFi)
  3782 | D:5      | Killed vishdafish's ghost
  3782 | D:5      | Reached skill level 5 in Shields
  4043 | D:5      | Reached skill level 1 in Stealth
  4374 | D:6      | Reached skill level 5 in Armour
  4698 | D:6      | Reached skill level 10 in Axes
  4698 | D:6      | Reached XP level 9. HP: 67/78 MP: 9/9
  4702 | D:6      | Found a staircase to the Ecumenical Temple.
  4729 | Temple   | Entered the Ecumenical Temple
  4817 | D:6      | Found a shimmering altar of Xom.
  4819 | D:6      | Found a shimmering altar of Xom.
  4819 | D:6      | Found a hide-covered altar of Uskayaw.
  4821 | D:6      | Found a shimmering altar of Xom.
  4821 | D:6      | Found a radiant altar of Vehumet.
  4821 | D:6      | Found a radiant altar of Vehumet.
  5991 | D:8      | Found a flagged portal.
  6027 | Bailey   | Entered a bailey
  6058 | Bailey   | Noticed an orc warlord
  6135 | Bailey   | Reached XP level 10. HP: 64/88 MP: 10/10
  6170 | Bailey   | Found a runed gate.
  6172 | Bailey   | Found a runed gate.
  6181 | Bailey   | Found a runed gate.
  6351 | Bailey   | Killed an orc warlord
  6381 | Bailey   | Reached XP level 11. HP: 95/97 MP: 11/11
  6408 | Bailey   | Gained mutation: You are robust. (+10% HP) [potion of mutation]
  6408 | Bailey   | Gained mutation: You have very sharp teeth. [potion of mutation]
  6433 | D:8      | Identified a scroll of acquirement
  6966 | D:8      | Found a white marble altar of Elyvilon.
  7142 | D:8      | Found a hide-covered altar of Uskayaw.
  7143 | D:8      | Found a glowing silver altar of Zin.
  7147 | D:8      | Found a glowing golden altar of the Shining One.
  7148 | D:8      | Found a sparkling altar of Nemelex Xobeh.
  7148 | D:8      | Found an ornate altar of the Wu Jian Council.
  7151 | D:8      | Became a worshipper of Uskayaw the Reveler
  7255 | D:9      | Found a stormy altar of Qazlal.
  7319 | D:9      | Reached * piety under Uskayaw
  7320 | D:9      | Reached ** piety under Uskayaw
  7322 | D:9      | Reached *** piety under Uskayaw
  7323 | D:9      | Reached skill level 10 in Fighting
  7324 | D:9      | Reached **** piety under Uskayaw
  7497 | D:9      | Found a basalt altar of Yredelemnul.
  7499 | D:9      | Found a snail-covered altar of Cheibriados.
  7517 | D:9      | Got an ancient scale mail
  7532 | D:9      | Identified the +1 scale mail of the Unseen Realm {rCorr} (You found it on level 9 of the Dungeon)
  7750 | D:9      | Found Liatsutin's Antique Armour Boutique.
  7984 | D:10     | Entered Level 10 of the Dungeon
  8026 | D:10     | Reached skill level 1 in Invocations
  8066 | D:10     | Found a staircase to the Lair.
  8075 | D:10     | Reached skill level 15 in Axes
  8077 | D:10     | Reached ***** piety under Uskayaw
  8114 | D:10     | Found a staircase to the Orcish Mines.
  8124 | D:10     | Found a roughly hewn altar of Beogh.
  8134 | D:10     | Reached XP level 12. HP: 60/117 MP: 13/13
  8400 | D:10     | Noticed a two-headed ogre
  8406 | D:10     | Killed a two-headed ogre
  8641 | D:10     | Noticed a centaur warrior
  8649 | D:10     | Killed a centaur warrior
  8649 | D:10     | Reached skill level 10 in Shields
  8899 | D:10     | Noticed a centaur warrior
  8911 | D:10     | Killed a centaur warrior
  8911 | D:10     | Reached skill level 5 in Invocations
  8973 | D:11     | Noticed a centaur warrior
  8977 | D:11     | Noticed a two-headed ogre
  8987 | D:11     | Killed a two-headed ogre
  8988 | D:11     | Killed a centaur warrior
  9622 | Lair:1   | Entered Level 1 of the Lair of Beasts
  9655 | Lair:1   | Noticed a four-headed hydra
  9662 | Lair:1   | Killed a ten-headed hydra
  9662 | Lair:1   | Reached XP level 13. HP: 106/128 MP: 18/18
  9673 | Lair:1   | Reached ****** piety under Uskayaw
  9726 | Lair:1   | Noticed Grum
  9745 | Lair:1   | Killed Grum
 10670 | Lair:2   | Noticed Fannar
 10682 | Lair:2   | Killed Fannar
 10991 | Lair:2   | Found a hole to the Spider Nest.
 11648 | Lair:3   | Found a staircase to the Swamp.
 12033 | Lair:3   | Reached skill level 10 in Invocations
 12033 | Lair:3   | Reached XP level 14. HP: 93/141 MP: 21/21
 12319 | Lair:4   | Found a labyrinth entrance.
 12324 | Lab      | Entered a labyrinth
 12805 | Lab      | Got a bronze chain mail
 12816 | Lab      | Identified the +0 chain mail of Lucidity {rF+++ rC- Int-2 Stlth+} (You found it in a labyrinth)
 13777 | Lair:5   | Noticed Nessos
 13786 | Lair:5   | Killed Nessos
 13866 | Lair:5   | Got a scintillating jade amulet
 13867 | Lair:5   | Identified the amulet "Jauttyow" {Acrobat rElec Slay+2 Stlth+} (You found it on level 5 of the Lair of Beasts)
 13976 | Lair:5   | Found a staircase to the Slime Pits.
 14406 | Lair:6   | Entered Level 6 of the Lair of Beasts
 15838 | Lair:6   | Noticed Snorg
 15849 | Lair:6   | Killed Snorg
 15902 | Lair:6   | Reached XP level 15. HP: 98/152 MP: 24/24
 16387 | Orc:1    | Entered Level 1 of the Orcish Mines
 16737 | Orc:1    | Found a bloodstained altar of Trog.
 16979 | Orc:2    | Entered Level 2 of the Orcish Mines
 17040 | Orc:2    | Found a staircase to the Elven Halls.
 17151 | Orc:2    | Reached skill level 5 in Dodging
 17706 | Orc:2    | Found Gatoug's Antique Weapon Emporium.
 17707 | Orc:2    | Found Loczenuwn's Armour Shoppe.
 17711 | Orc:2    | Found Pamext's Antique Weapon Emporium.
 18177 | Orc:2    | Found Hugeoz's Assorted Antiques.
 18191 | Orc:2    | Bought a potion of curing for 78 gold pieces
 18191 | Orc:2    | Bought a scroll labeled UTROCU VONOS for 26 gold pieces
 18191 | Orc:2    | Bought a potion of heal wounds for 130 gold pieces
 18191 | Orc:2    | Bought a scroll of identify for 52 gold pieces
 18194 | Orc:2    | Bought a +1 pair of boots for 172 gold pieces
 18427 | D:12     | Identified the +3 morningstar of Moderation {holy, SInv} (You found it on level 12 of the Dungeon)
 18799 | D:12     | Reached skill level 15 in Fighting
 19363 | D:13     | Found a gate to the Vaults.
 19397 | D:13     | Got a pair of encrusted gloves
 19408 | D:13     | Identified the +2 pair of gloves of the Equator {rPois Dex-5 Slay+2} (You acquired it on level 13 of the Dungeon)
 19493 | D:13     | Found Ruderum's Antique Armour Emporium.
 19502 | D:13     | Bought encrusted steam dragon scales for 990 gold pieces
 19502 | D:13     | Identified the +4 steam dragon scales of Xuoguaskep {*Drain rN+ rCorr} (You bought it in a shop on level 13 of the Dungeon)
 19578 | D:13     | Noticed Erolcha
 19584 | D:13     | Killed Erolcha
 19777 | D:14     | Found Viehucw's General Store.
 19787 | D:14     | Bought a scroll of identify for 30 gold pieces
 19787 | D:14     | Bought a potion of invisibility for 120 gold pieces
 19787 | D:14     | Bought a scroll of identify for 30 gold pieces
 19797 | D:14     | Found Ocanloegh's Jewellery Shop.
 19910 | D:14     | Found Becheyh's Jewellery Shoppe.
 19930 | D:14     | Reached XP level 16. HP: 163/163 MP: 26/26
 19964 | D:14     | Found Doagomp's Distillery.
 19972 | D:14     | Bought a potion of haste for 150 gold pieces
 19972 | D:14     | Bought a potion of curing for 45 gold pieces
 19972 | D:14     | Bought a potion of curing for 45 gold pieces
 20069 | D:14     | Found a deep blue altar of Sif Muna.
 20305 | D:14     | Found Qorelira's Jewellery Emporium.
 20308 | D:14     | Bought the ring of Orapsumeg {rPois rF+ rC+ SInv} for 521 gold pieces
 20560 | D:15     | Entered Level 15 of the Dungeon
 20724 | D:15     | Reached skill level 15 in Shields
 21002 | D:15     | Found a staircase to the Depths.
 21175 | D:15     | Identified the +9 rapier "Viupipt" {pierce, rElec Str+2 Dex+4} (You took it off a crimson imp on level 15 of the Dungeon)
 21804 | Swamp:1  | Entered Level 1 of the Swamp
 21990 | Swamp:1  | Identified the +9 dagger "Zuihoikodgh" {antimagic, rPois Str+3} (You found it on level 1 of the Swamp)
 22075 | Swamp:1  | Noticed a thorn hunter
 22087 | Swamp:1  | Killed a thorn hunter
 22132 | Swamp:1  | Reached skill level 10 in Armour
 22723 | Swamp:2  | Noticed a thorn hunter
 22737 | Swamp:2  | Killed a thorn hunter
 23335 | Swamp:2  | You fall through a shaft!
 23438 | Swamp:3  | Noticed a thorn hunter
 23454 | Swamp:3  | Killed a thorn hunter
 23481 | Swamp:3  | Noticed a thorn hunter
 23482 | Swamp:3  | Reached XP level 17. HP: 117/174 MP: 28/28
 23918 | Swamp:3  | Reached skill level 15 in Invocations
 24081 | Swamp:3  | Identified the -2 hat of Gluttony {rN+ MR+ Str+4 Dex+4} (You found it on level 3 of the Swamp)
 24366 | Swamp:4  | Entered Level 4 of the Swamp
 24929 | Swamp:4  | Found a frozen archway.
 25712 | Swamp:4  | Got a decaying rune of Zot
 25909 | Spider:1 | Entered Level 1 of the Spider Nest
 25938 | Spider:1 | Noticed Aizul
 25957 | Spider:1 | Killed Aizul
 25986 | Spider:1 | Noticed Kirke
 26000 | Spider:1 | Killed Kirke
 26576 | Spider:2 | Reached skill level 1 in Evocations
 26704 | Spider:2 | Noticed Jorgrun
 26713 | Spider:2 | Killed Jorgrun
 26938 | Spider:2 | Noticed Nr616's ghost (adept GrFi)
 26959 | Spider:2 | Killed Nr616's ghost
 26959 | Spider:2 | Reached XP level 18. HP: 150/188 MP: 28/30
 26962 | Spider:2 | Learned a level 1 spell: Summon Butterflies
 27365 | Spider:3 | Reached skill level 1 in Summonings
 27376 | Spider:3 | Reached skill level 1 in Spellcasting
 27460 | Spider:3 | Learned a level 2 spell: Swiftness
 28025 | Spider:4 | Entered Level 4 of the Spider Nest
 28860 | Spider:4 | Got a gossamer rune of Zot
 29107 | Vaults:1 | Entered Level 1 of the Vaults
 29543 | Vaults:1 | Reached XP level 19. HP: 184/198 MP: 31/31
 29546 | Vaults:1 | Reached skill level 5 in Summonings
 29599 | Vaults:1 | Found Huomeash's Antique Armour Boutique.
 29607 | Vaults:1 | Bought a shimmering shield for 237 gold pieces
 29617 | Vaults:1 | Identified the cursed +0 shield of the Cricket {Str+3 Dex+4} (You bought it in a shop on level 1 of the Vaults)
 29620 | Vaults:1 | Bought a pair of runed boots for 187 gold pieces
 29644 | Vaults:1 | Bought a distressingly furry plate armour for 700 gold pieces
 29644 | Vaults:1 | Identified the +3 plate armour of the Fife {rF+} (You bought it in a shop on level 1 of the Vaults)
 29867 | Vaults:1 | Noticed Nikola
 29877 | Vaults:1 | Killed Nikola
 29921 | Vaults:1 | Found Gaushruh's Jewellery Shoppe.
 30056 | Vaults:1 | Found Xekheagg's Antique Weapon Shoppe.
 30723 | Vaults:2 | Found a staircase to the Crypt.
 30976 | Vaults:2 | Identified the +7 morningstar "Vufeth" {crush, -Tele rElec rF+++ MP+9} (You found it on level 2 of the Vaults)
 31376 | Vaults:2 | Reached XP level 20. HP: 203/210 MP: 33/33
 32101 | Vaults:3 | Found a flickering gateway to a bazaar.
 32146 | Bazaar   | Entered a bazaar
 32146 | Bazaar   | Found Omynk's Book Shoppe.
 32146 | Bazaar   | Found Ehiph's Gadget Shoppe.
 32147 | Bazaar   | Found Wycitruwa's Armour Emporium.
 32147 | Bazaar   | Found Mocaest's Jewellery Emporium.
 32435 | Vaults:3 | Reached skill level 5 in Spellcasting
 32744 | Vaults:3 | Reached skill level 15 in Armour
 32762 | Vaults:3 | Learned a level 2 spell: Blink
 32895 | Vaults:3 | Reached skill level 1 in Translocations
 33167 | Vaults:4 | Reached XP level 21. HP: 181/221 MP: 34/34
 33580 | Vaults:4 | Reached skill level 10 in Dodging
 34341 | Elf:1    | Entered Level 1 of the Elven Halls
 34512 | Elf:1    | Noticed Azrael
 34520 | Elf:1    | Killed Azrael
 34659 | Elf:1    | Found Iiaxi's Incredible Inventory.
 35234 | Elf:2    | Learned a level 5 spell: Aura of Abjuration
 35348 | Elf:2    | Reached XP level 22. HP: 229/232 MP: 36/36
 35424 | Elf:2    | Found Ymocsaon's Assorted Antiques.
 35641 | Elf:2    | Found a runed door.
 35663 | Elf:2    | Found a runed door.
 36313 | Elf:3    | Entered Level 3 of the Elven Halls
 36485 | Elf:3    | Found Gideyram's General Store.
 36692 | Elf:3    | Noticed Mara
 36705 | Elf:3    | Noticed tsouns's illusion
 36711 | Elf:3    | Killed Mara
 36711 | Elf:3    | Reached skill level 5 in Throwing
 36922 | Elf:3    | Noticed Amnesiac's ghost (adept TeWz)
 36948 | Elf:3    | Killed Amnesiac's ghost
 37245 | Elf:3    | Got a vibrating jade ring
 37246 | Elf:3    | Identified the ring of Ephemeral Luck {*Tele SInv} (You took it off a deep elf blademaster on level 3 of the Elven Halls)
 37248 | Elf:3    | Identified the cursed +1 chain mail of the Valley of Death {rN+ Dex+3} (You took it off a deep elf blademaster on level 3 of the Elven Halls)
 37331 | Elf:3    | Reached XP level 23. HP: 118/242 MP: 37/37
 37623 | Elf:3    | Got a crude copper ring
 37624 | Elf:3    | Identified the ring of Retohygu {Ice *Slow Int+6 Dex+6} (You took it off a deep elf elementalist on level 3 of the Elven Halls)
 37689 | Elf:3    | Identified Fewnoh's Grimoire of the Oath
 38471 | Depths:1 | Entered Level 1 of the Depths
 38496 | Depths:1 | Reached skill level 10 in Summonings
 38503 | Depths:1 | Noticed Saint Roka
 38519 | Depths:1 | Killed Saint Roka
 38599 | Depths:1 | Identified the Catalogue of the Volcanoes and Talismans
 38613 | Depths:1 | Found Biatur's Assorted Antiques.
 38622 | Depths:1 | Bought a warped marble ring for 225 gold pieces
 38622 | Depths:1 | Identified the ring "Noewyth" {Int-5 Dex+7 SInv} (You bought it in a shop on level 1 of the Depths)
 38674 | Depths:1 | Found a gateway to Hell.
 38766 | Depths:1 | Noticed an ancient lich
 38780 | Depths:1 | Killed an ancient lich
 38834 | Depths:1 | Killed from afar by a vampire knight

Vault maps used:
D:1:      dpeg_arrival_lava_temple_mockup
D:2:      okawaru_ov_weapons_minmay
D:3:      ashenzari_altar_1, first_ration, portal_sewer_entry_e,
          hangedman_glass_teeth
D:4:      trog_butcher_becter, uniq_sigmund, uniq_crazy_yiuf_cottage
D:5:      basic_altar, lightli_corner_chamber
D:6:      minmay_temple_entry_glass, doesnt_xom_only_xom
D:8:      elyvilon_altar_4, grunt_temple_overflow_open, enter_bailey_2
D:9:      lemuel_flame_loot_2, chequers_temple_overflow_statue_of_worship,
          overflow_temple_1_default, serial_shops, kennysheep_little_box
D:10:     erik_lair_orcish_takeover, minmay_orc_entry_temple_small,
          minmay_evil_grid
D:11:     minmay_cornered_nines, hangedman_stone_soup
D:13:     grunt_vaults_entry_tiered, serial_shops, shop, uniq_erolcha
D:14:     basic_altar, serial_shops, nicolae_shop_window_shopping,
          kennysheep_mini, nicolae_shop_waterfront, nicolae_shop_trees,
          nicolae_shop_waterfront, minivault_23, nicolae_two_hexagons
D:15:     gammafunk_enter_depths_forms, nicolae_looking_at_the_future
Temple:   minmay_temple_bridge_abc
Lair:1:   uniq_grum
Lair:2:   spider_nest_entry_a, infiniplex_staircase_pool, grunt_megastairs_5,
          uniq_fannar
Lair:3:   swamp_mist_pool, beast_lair_carwin_2, lemuel_fruit_tree,
          grunt_megastairs_2, infiniplex_staircase_pool_2
Lair:4:   beast_lair_carwin_large_1, lab_entry_generic
Lair:5:   nicolae_slime_entry_slimehenge, uniq_nessos
Lair:6:   grunt_lair_end_beastmaster, uniq_snorg
Swamp:1:  evilmike_swamp_ruin_house_4, swamp_pool4, hangedman_swamp_pad
Swamp:2:  hangedman_swamp_diagram
Swamp:3:  evilmike_swamp_ruin_house_2
Swamp:4:  swamp_icy, portal_ice_cave_entry_pillars_1, swamp_pool1
Spider:1: uniq_aizul, uniq_kirke
Spider:2: spider_trap, uniq_jorgrun
Spider:4: spider_rune_water
Orc:1:    trog_book
Orc:2:    st_orc_pillars, nicolae_orc_rockfall
Elf:1:    minmay_elf_arrival_circle, minivault_28, nicolae_alphabet_shops,
          uniq_azrael
Elf:2:    serial_shops, nicolae_shop_crystal, hangedman_elf_disciples
Elf:3:    grunt_elf_hall_diamonds, serial_shops, shop, glass_columns_a,
          uniq_mara
Vaults:1: vaults_room_grunt_arrival_ludios, hangedman_vaults_stitches,
          nicolae_vaults_meeting, hangedman_vaults_cutoff, v_pattern_1,
          vaults_dpeg_diagonal, nicolae_vaults_little_squares_4,
          nicolae_vaults_little_squares_4, serial_shops, nicolae_shop_stone,
          shop_statue, nicolae_shop_behind_doors, uniq_nikola
Vaults:2: v_misc_28, nicolae_vaults_disjoint_gnomons,
          nicolae_vaults_twisting_passages, v_rooms_4,
          minmay_crypt_entry_simple_walls, v_pattern_5, ontoclasm_vaults_fault,
          nicolae_vaults_angled_halls, ontoclasm_vaults_gateway,
          hangedman_vaults_capsules, nicolae_vaults_little_squares_6,
          nicolae_vaults_theta, mu_enter_wizlab_4
Vaults:3: nicolae_vaults_little_squares_2, hangedman_vaults_cutoff,
          vaults_room_pools, nicolae_vaults_theta, vaults_room_hallway,
          vaults_standard_mumra_lines, v_alt_pattern_6, v_misc_24,
          v_alt_pattern_1, vaults_standard_mumra_x, serial_shops, bzr_entry_gold
Vaults:4: nicolae_vaults_shelves_hall, ontoclasm_vaults_pinch,
          nicolae_vaults_what_the_h, v_misc_30, vaults_room_pools,
          nicolae_vaults_asterisk, st_spiral_rooms, hangedman_vaults_maws,
          v_misc_4, nicolae_vaults_theta, nicolae_vaults_little_squares_3
Depths:1: special_room, hell_entry, serial_shops,
          nicolae_shop_overgrown_old_shop, kennysheep_pointless_box,
          serial_bayou_pond_e, hangedman_stitches_earthworm, uniq_saint_roka
Lab:      labyrinth_skeletal_remains
Bazaar:   bazaar_jpeg_oval
Sewer:    kennysheep_door_sewer
Bailey:   bailey_axe_bossmonster_kennysheep, bailey

Skill      XL: |  1  2  3  4  5  6  7  8  9 10 11 12 13 14 15 16 17 18 19 20 21 22 23 |
---------------+----------------------------------------------------------------------+-----
Fighting       | 4 5 6 7 9 10 11 13 14 15 16 17 18 19 20 21 | 21.7
Axes           | 3 4 5 6 8 10 12 14 15 16 17 18 | 18.0
Armour         | 4 5 7 8 10 11 12 14 15 16 17 | 17.2
Shields        | 4 5 6 8 9 10 12 13 14 15 | 15.8
Dodging        | 1 2 3 4 6 7 9 10 | 10.2
Stealth        | 1 2 3 4 |  4.0
Throwing       | 2 3 5 6 |  6.9
Invocations    | 2 7 10 12 13 14 16 17 18 19 20 21 | 21.1
Evocations     | 2 3 |  3.4
Summonings     | 4 6 7 8 9 10 | 10.0
Spellcasting   | 1 3 5 6 7 |  7.0
Translocations | 2 4 |  4.2

Action                   |  1- 3 |  4- 6 |  7- 9 | 10-12 | 13-15 | 16-18 | 19-21 | 22-24 || total
-------------------------+-------+-------+-------+-------+-------+-------+-------+-------++-------
Melee: War axe           |    87 |   167 |   293 |    26 |       |       |       |       ||   573
       Broad axe         |       |       |       |   377 |   937 |  1144 |   989 |   492 ||  3939
       Bite              |       |       |       |    50 |   138 |   126 |   176 |    81 ||   571
Throw: Tomahawk          |       |       |     6 |    16 |    11 |       |       |       ||    33
       Stone             |       |       |     1 |       |       |       |       |       ||     1
       Javelin           |       |       |       |       |     3 |     3 |     1 |    21 ||    28
Invok: Grand Finale      |       |       |       |       |     1 |     2 |       |       ||     3
Evoke: Wand              |       |       |     8 |       |     6 |    17 |       |     1 ||    32
       Lamp of fire      |       |       |       |       |     2 |     2 |       |     2 ||     6
       Box of beasts     |       |       |       |       |     1 |       |       |       ||     1
  Use: Scroll            |       |       |    14 |     9 |    25 |    17 |    11 |     7 ||    83
       Potion            |       |       |     4 |     4 |     1 |     1 |       |       ||    10
 Stab: Sleeping          |       |       |     5 |       |     7 |     1 |       |       ||    13
       Paralysed         |       |       |       |    26 |   126 |   142 |   179 |    69 ||   542
       Distracted        |       |       |       |     1 |     1 |     1 |     1 |     1 ||     5
       Petrified         |       |       |       |       |     2 |       |       |       ||     2
       Petrifying        |       |       |       |       |     1 |       |       |       ||     1
       Confused          |       |       |       |       |       |     1 |       |       ||     1
  Eat: Chunk             |     1 |     6 |     7 |    13 |    27 |    14 |     7 |     3 ||    78
       Ration            |       |       |     1 |       |     2 |     6 |     4 |     2 ||    15
Armor: Scale mail        |    48 |    35 |       |    88 |   138 |       |       |       ||   309
       Plate armour      |       |    49 |       |       |       |   331 |   219 |   142 ||   741
       Troll leather arm |       |     2 |    81 |    27 |    53 |       |       |       ||   163
       Steam dragon scal |       |       |       |       |     3 |    93 |       |       ||    96
Dodge: Dodged            |    30 |    34 |   100 |   156 |   328 |   422 |   287 |   158 ||  1515
Block: Shield            |    55 |    82 |   135 |   207 |   437 |   620 |   414 |   212 ||  2162

Table legend:
 A = Spawn XP
 B = Non-spawn XP
 C = Spawn XP percentage of total XP
 D = Spawn monster count
 E = Non-spawn monster count
 F = Spawn count percentage of total count
 G = Total turns spent on level
                    A         B        C        D         E        F      G
               +---------+---------+-------+---------+---------+-------+---------
         Total |       0 |  771996 |   0.0 |       0 |    1845 |   0.0 | 38834
               +---------+---------+-------+---------+---------+-------+---------
           D:1 |       0 |      24 |   0.0 |       0 |      12 |   0.0 |   490
           D:2 |       0 |      71 |   0.0 |       0 |      18 |   0.0 |  1334
           D:3 |       0 |      44 |   0.0 |       0 |      25 |   0.0 |   662
           D:4 |       0 |     665 |   0.0 |       0 |      37 |   0.0 |   893
           D:5 |       0 |     862 |   0.0 |       0 |      17 |   0.0 |   916
           D:6 |       0 |    1109 |   0.0 |       0 |      25 |   0.0 |   589
           D:7 |       0 |     907 |   0.0 |       0 |      22 |   0.0 |   867
           D:8 |       0 |    2514 |   0.0 |       0 |      42 |   0.0 |   860
           D:9 |       0 |    1788 |   0.0 |       0 |      26 |   0.0 |   734
          D:10 |       0 |    7778 |   0.0 |       0 |      41 |   0.0 |  1185
          D:11 |       0 |    6846 |   0.0 |       0 |      42 |   0.0 |   694
          D:12 |       0 |    5227 |   0.0 |       0 |      21 |   0.0 |   603
          D:13 |       0 |   14339 |   0.0 |       0 |      48 |   0.0 |   994
          D:14 |       0 |    5343 |   0.0 |       0 |      16 |   0.0 |   812
          D:15 |       0 |   23311 |   0.0 |       0 |      72 |   0.0 |  1188
        Lair:1 |       0 |    7764 |   0.0 |       0 |      34 |   0.0 |   855
        Lair:2 |       0 |    4262 |   0.0 |       0 |      18 |   0.0 |   768
        Lair:3 |       0 |   11599 |   0.0 |       0 |      36 |   0.0 |  1156
        Lair:4 |       0 |    5843 |   0.0 |       0 |      26 |   0.0 |  1015
        Lair:5 |       0 |    5471 |   0.0 |       0 |      24 |   0.0 |   657
        Lair:6 |       0 |   20916 |   0.0 |       0 |      47 |   0.0 |  1884
       Swamp:1 |       0 |   10487 |   0.0 |       0 |      28 |   0.0 |   820
       Swamp:2 |       0 |   14237 |   0.0 |       0 |      31 |   0.0 |   767
       Swamp:3 |       0 |   10626 |   0.0 |       0 |      15 |   0.0 |  1378
       Swamp:4 |       0 |   27231 |   0.0 |       0 |      78 |   0.0 |  1089
      Spider:1 |       0 |    9817 |   0.0 |       0 |      22 |   0.0 |   574
      Spider:2 |       0 |   25124 |   0.0 |       0 |      57 |   0.0 |   925
      Spider:3 |       0 |   21818 |   0.0 |       0 |      55 |   0.0 |   677
      Spider:4 |       0 |   29229 |   0.0 |       0 |      62 |   0.0 |   893
         Orc:1 |       0 |    3519 |   0.0 |       0 |      53 |   0.0 |   785
         Orc:2 |       0 |   14400 |   0.0 |       0 |     106 |   0.0 |  1190
         Elf:1 |       0 |   21542 |   0.0 |       0 |      44 |   0.0 |   851
         Elf:2 |       0 |   61646 |   0.0 |       0 |      88 |   0.0 |  1177
         Elf:3 |       0 |   81426 |   0.0 |       0 |      81 |   0.0 |  1934
      Vaults:1 |       0 |   52043 |   0.0 |       0 |      70 |   0.0 |  1485
      Vaults:2 |       0 |   63798 |   0.0 |       0 |     101 |   0.0 |  1477
      Vaults:3 |       0 |   62055 |   0.0 |       0 |      95 |   0.0 |  1120
      Vaults:4 |       0 |   82404 |   0.0 |       0 |     124 |   0.0 |   994
      Depths:1 |       0 |   50567 |   0.0 |       0 |      52 |   0.0 |   363
           Lab |       0 |    1192 |   0.0 |       0 |       1 |   0.0 |   520
         Sewer |       0 |     140 |   0.0 |       0 |       6 |   0.0 |   169
        Bailey |       0 |    2012 |   0.0 |       0 |      27 |   0.0 |   399
               +---------+---------+-------+---------+---------+-------+---------
